 Dungeon Crawl Stone Soup version 0.31.0-11-ge490571c62 (webtiles) character file.

Game seed: 15600553918257739112

1290 qw the Nimble (level 8, -3/40 HPs)
             Began as a Spriggan Hunter on Feb 5, 2024.
             Incinerated by a bombardier beetle (5 damage)
             ... with a burning spray
             ... on level 4 of the Dungeon.
             The game lasted 00:03:42 (3804 turns).

qw the Nimble (Spriggan Hunter)                     Turns: 3804, Time: 00:03:42

Health: -3/40      AC:  2    Str:  7    XL:     8   Next: 30%
Magic:  9/9        EV: 24    Int: 10    God:
Gold:   227        SH:  0    Dex: 21    Spells: 7/7 levels left

rFire   . . .        a - +0 shortbow
rCold   . . .        (shield currently unavailable)
rNeg    . . .        c - +0 robe
rPois   .            (helmet restricted)
rElec   .            (no cloak)
rCorr   .            (gloves unavailable)
SInv    +            (boots unavailable)
Will    +....        (no amulet)
Stlth   +            (no ring)
HPRegen 0.26/turn    (no ring)
MPRegen 0.11/turn

%: no passive effects
@: on fire, about to teleport, glowing, very quick
A: very small, no large weapons, unfitting armour, see invisible, speed 3
a: no special abilities


You were on level 4 of the Dungeon.
You visited 1 branch of the dungeon, and saw 5 of its levels.

You collected 275 gold pieces.
You spent 48 gold pieces at shops.


Innate Abilities, Weirdness & Mutations

You are very small and have problems with some larger weapons.
You are too small for most types of armour.
You have supernaturally acute eyesight. (SInv)
You cover ground extremely quickly. (Speed+++)


   Skills:
 - Level 3.1 Fighting
 + Level 8.3 Ranged Weapons
 - Level 8.5 Dodging
 - Level 1.5 Stealth


You had 7 spell levels left.
You didn't know any spells.
Your spell library was empty.

Inventory:

Hand Weapons
 a - a +0 shortbow (weapon)
Armour
 c - a +0 robe (worn)
Wands
 d - a wand of light (9)
 e - a wand of charming (7)
 g - a wand of polymorph (6)
Scrolls
 k - a scroll of enchant armour
Potions
 b - a potion of enlightenment
 h - a potion of curing
 j - a potion of might

Dungeon Overview and Level Annotations

Branches:
Dungeon (5/15)
 Temple: D:4-7

Altars:
Cheibriados

Shops:
D:5 *


Message History

You shoot an arrow. The arrow hits the bombardier beetle.
The bombardier beetle is lightly wounded.
The bombardier beetle sprays incendiary fluid at you.
The burning spray hits you.
You are covered in liquid fire!
You shoot an arrow.
The arrow hits the bombardier beetle but does no damage.
The bombardier beetle is lightly wounded.
The liquid fire burns you!
You shoot an arrow.
The arrow barely misses the bombardier beetle.
The liquid fire burns you!
You shoot an arrow. The arrow hits the bombardier beetle.
The bombardier beetle is heavily wounded.
The liquid fire burns you!
You shoot an arrow. The arrow hits the bombardier beetle.
The bombardier beetle is severely wounded.
The liquid fire burns you!
You shoot an arrow. The arrow hits the bombardier beetle.
The bombardier beetle is severely wounded.
The liquid fire burns you!
You shoot an arrow. The arrow hits the bombardier beetle.
The bombardier beetle is almost dead.
The liquid fire burns you!
You shoot an arrow.
The arrow hits the bombardier beetle but does no damage.
The bombardier beetle is almost dead.
The liquid fire burns you!
3802 ||| READING scroll of teleportation.
As you read the scroll of teleportation, it crumbles to dust.
You feel strangely unstable. The liquid fire burns you!
The bombardier beetle sprays incendiary fluid at you.
The burning spray misses you.
You shoot an arrow. The arrow hits the bombardier beetle!
You kill the bombardier beetle!
The liquid fire burns you!
You are on fire!
The liquid fire burns you!
You die...

~~~~~~~~~#.####.#~~~~..P.##
~~~~~~)~~~## ##~~~~....##
~~~~~~~~### ###~.P.P##
######### ############
..#.. ... ...# ....
#..##...# #.......#.
#@....... ###.##".. #


There were no monsters in sight!

Vanquished Creatures
  Grinder (D:5)
  Eustachio (D:5)
  Duvessa (D:5)
  Blork the orc (D:4)
  3 scorpions
  Dowan (D:5)
  2 bombardier beetles (D:4)
  3 jellies
  2 hounds
  Ijyb (D:4)
  Jessica (D:2)
  3 iguanas (D:4)
  An orc wizard (D:3)
  Robin (D:2)
  4 adders
  2 ufetubi (D:5)
  4 dart slugs
  3 ribbon worms
  6 orcs (D:3)
  5 bats
  5 endoplasms
  4 giant cockroaches
  18 goblins
  10 hobgoblins
  2 jackals (D:4)
  6 kobolds
  7 quokkas
  4 ball pythons
  2 frilled lizards
  3 rats
107 creatures vanquished.

Notes
Turn   | Place    | Note
-------+----------+-------------------------------------------
     0 | D:1      | qw the Spriggan Hunter began the quest for the Orb.
     0 | D:1      | Reached XP level 1. HP: 10/10 MP: 2/2
     0 | D:1      | 0 ||| qw: Version: 0.3-a-160-g6735b56
     0 | D:1      | 0 ||| qw: Game counter: 6384
     0 | D:1      | 0 ||| qw: Melee chars always use a shield: true
     0 | D:1      | 0 ||| qw: God list: Okawaru
     0 | D:1      | 0 ||| qw: Allow faded altars: false
     0 | D:1      | 0 ||| qw: Do Orc after clearing Dungeon:15 true
     0 | D:1      | 0 ||| qw: Do second Lair branch before Depths: true
     0 | D:1      | 0 ||| qw: Lair rune preference: random
     0 | D:1      | 0 ||| qw: Goals: Normal
     0 | D:1      | 0 ||| PLANNING D:1-11
    21 | D:1      | Reached skill level 3 in Dodging
   162 | D:1      | Reached XP level 2. HP: 14/14 MP: 3/3
   177 | D:1      | Found a faded altar of an unknown god.
   643 | D:1      | 643 ||| READING scroll labelled WUDIUXOCONT.
   644 | D:1      | 644 ||| READING 3 scrolls labelled VENLOC TAECIUW.
   645 | D:1      | 645 ||| READING scroll labelled GEATZIMPINUO.
   646 | D:1      | 646 ||| READING scroll labelled COAPLUKHLUI.
   646 | D:1      | 646 ||| IDENTIFYING 2 red potions
   647 | D:1      | 647 ||| DROPPING scroll of butterflies.
   648 | D:1      | 648 ||| DROPPING 2 scrolls of revelation.
   656 | D:2      | Noticed Jessica
   658 | D:2      | 658 ||| DRINKING 2 potions of haste.
   659 | D:2      | Killed Jessica
   660 | D:2      | Reached XP level 3. HP: 18/18 MP: 4/4
   660 | D:2      | 660 ||| STAIRDANCE
   728 | D:2      | Reached XP level 4. HP: 22/22 MP: 5/5
   779 | D:2      | 779 ||| FLEEEEING.
   784 | D:2      | Noticed Robin
   788 | D:2      | Killed Robin
  1119 | D:2      | 1119 ||| READING scroll of identify.
  1119 | D:2      | 1119 ||| IDENTIFYING murky emerald potion
  1120 | D:2      | 1120 ||| READING scroll labelled JIQ TUCIRPHOE.
  1120 | D:2      | 1120 ||| ENCHANTING +0 shortbow.
  1169 | D:3      | 1169 ||| RETREEEEATING.
  1172 | D:3      | 1172 ||| RETREEEEATING.
  1174 | D:3      | Reached XP level 5. HP: 26/26 MP: 6/6
  1201 | D:3      | Found the +1 Delatra's gloves {ID++}
  1568 | D:3      | 1568 ||| READING 2 scrolls of identify.
  1568 | D:3      | 1568 ||| IDENTIFYING murky red potion
  1569 | D:3      | 1569 ||| READING scroll of identify.
  1569 | D:3      | 1569 ||| IDENTIFYING grey potion
  1570 | D:3      | 1570 ||| READING scroll labelled UHOVAG YCEWN.
  1671 | D:3      | 1671 ||| DROPPING potion of lignification.
  1688 | D:4      | Noticed Ijyb
  1696 | D:4      | Killed Ijyb
  1697 | D:4      | Reached skill level 6 in Ranged Weapons
  1771 | D:4      | Reached XP level 6. HP: 22/30 MP: 7/7
  1860 | D:4      | Reached skill level 6 in Dodging
  2426 | D:4      | Noticed Blork the orc
  2428 | D:4      | 2428 ||| DRINKING potion of haste.
  2437 | D:4      | HP: 6/30 [Blork the orc/+0 flail (9)]
  2446 | D:4      | Killed Blork the orc
  2447 | D:4      | Reached XP level 7. HP: 9/35 MP: 8/8
  2661 | D:4      | 2661 ||| READING scroll of identify.
  2661 | D:4      | 2661 ||| IDENTIFYING silvery potion
  2662 | D:4      | 2662 ||| READING scroll labelled YGGOMO DYSSAG KIE.
  2763 | D:4      | 2763 ||| DROPPING potion of attraction.
  2795 | D:5      | Entered Level 5 of the Dungeon
  2828 | D:5      | Found a snail-covered altar of Cheibriados.
  2970 | D:5      | Noticed Duvessa
  2972 | D:5      | Noticed Grinder
  2973 | D:5      | Noticed Dowan
  2978 | D:5      | Killed Duvessa
  2990 | D:5      | HP: 5/35 [Dowan/+0 dagger (5)]
  2991 | D:5      | Killed Dowan
  3005 | D:5      | 3005 ||| ZAPPING wand of light (13) at -4,-1 (Grinder;
                  | floor).
  3006 | D:5      | 3006 ||| ZAPPING wand of light (12) at -3,0 (Grinder;
                  | floor).
  3007 | D:5      | 3007 ||| ZAPPING wand of light (11) at -4,0 (Grinder;
                  | floor).
  3008 | D:5      | 3008 ||| ZAPPING wand of light (10) at -3,0 (Grinder;
                  | floor).
  3008 | D:5      | Killed Grinder
  3009 | D:5      | Reached XP level 8. HP: 11/39 MP: 9/9
  3121 | D:5      | Found Gaylopt's General Store.
  3126 | D:5      | 3126 ||| BUYING scroll of identify (24 gold).
  3126 | D:5      | Bought a scroll of identify for 24 gold pieces
  3126 | D:5      | 3126 ||| BUYING scroll of identify (24 gold).
  3126 | D:5      | Bought a scroll of identify for 24 gold pieces
  3170 | D:5      | Noticed Eustachio
  3179 | D:5      | 3179 ||| FLEEEEING.
  3180 | D:5      | 3180 ||| FLEEEEING.
  3181 | D:5      | 3181 ||| FLEEEEING.
  3182 | D:5      | 3182 ||| FLEEEEING.
  3189 | D:5      | 3189 ||| RETREEEEATING.
  3190 | D:5      | 3190 ||| RETREEEEATING.
  3191 | D:5      | 3191 ||| RETREEEEATING.
  3192 | D:5      | 3192 ||| RETREEEEATING.
  3193 | D:5      | 3193 ||| RETREEEEATING.
  3194 | D:5      | 3194 ||| RETREEEEATING.
  3195 | D:5      | 3195 ||| RETREEEEATING.
  3196 | D:5      | 3196 ||| RETREEEEATING.
  3197 | D:5      | 3197 ||| RETREEEEATING.
  3198 | D:5      | 3198 ||| RETREEEEATING.
  3200 | D:5      | 3200 ||| RETREEEEATING.
  3202 | D:5      | 3202 ||| RETREEEEATING.
  3237 | D:5      | Killed Eustachio
  3238 | D:5      | Reached skill level 3 in Fighting
  3396 | D:5      | 3396 ||| READING 2 scrolls of identify.
  3396 | D:5      | 3396 ||| IDENTIFYING sapphire potion
  3406 | D:5      | 3406 ||| READING scroll of identify.
  3406 | D:5      | 3406 ||| IDENTIFYING scroll labelled WIFAIPLUDD
  3801 | D:4      | HP: 9/40 [burnt (5)]
  3802 | D:4      | 3802 ||| READING scroll of teleportation.
  3803 | D:4      | HP: 2/40 [burnt (3)]
  3804 | D:4      | Incinerated by a bombardier beetle

Levels and vault maps discovered:
D:1:      dpeg_arrival_stonehenge_8_columns, layout_loops_ring,
          hellmonk_ecumenical_altar_prayer_group
D:2:      minmay_spotlight, layout_rooms, minmay_pentomino_z2, uniq_jessica,
          uniq_robin
D:3:      layout_basic, pf_guarded_unrand_delatra
D:4:      wad_lake_hut, layout_cave_pools, minmay_hedge_maze,
          kennysheep_generic_room_3, uniq_ijyb, uniq_blork_the_orc
D:5:      layout_basic, cheibriados_altar_1, serial_shops, shop, uniq_duvessa,
          uniq_crazy_yiuf_cottage, uniq_eustachio, uniq_grinder

Skill      XL: |  1  2  3  4  5  6  7  8 |
---------------+-------------------------+-----
Dodging        | 3 4 5 6 8 |  8.5
Ranged Weapons | 5 6 7 8 |  8.3
Fighting       | 2 3 |  3.1
Stealth        | |  1.5

Action                     |  1- 3 |  4- 6 |  7- 9 || total
---------------------------+-------+-------+-------++-------
   Fire: Shortbow          |    64 |   236 |   117 ||   417
  Evoke: Wand              |       |       |     4 ||     4
    Use: Scroll            |     4 |     5 |     5 ||    14
         Potion            |     1 |     1 |       ||     2
 Armour: Robe              |     1 |    27 |    20 ||    48
  Dodge: Dodged            |    20 |    91 |    90 ||   201

Table legend:
 A = Non-vault XP
 B = Vault XP
 C = Vault XP percentage of total XP
 D = Non-vault monster count
 E = Vault monster count
 F = Vault count percentage of total count
                 A         B        C        D         E       F
            +---------+---------+-------+---------+---------+-------
      Total |     840 |    1003 |  54.4 |      74 |      33 |  30.8
            +---------+---------+-------+---------+---------+-------
        D:1 |      33 |       8 |  19.5 |      17 |       4 |  19.0
        D:2 |      40 |      91 |  69.5 |      15 |      15 |  50.0
        D:3 |      38 |      53 |  58.2 |      12 |       7 |  36.8
        D:4 |     406 |     134 |  24.8 |      21 |       3 |  12.5
        D:5 |     323 |     717 |  68.9 |       9 |       4 |  30.8
            +---------+---------+-------+---------+---------+-------
